[Event "*** Titled Tuesday Blitz"]
[Site "Chess.com"]
[Date "2019.09.03"]
[Round "2"]
[White "BASSU1"]
[Black "ckgchess"]
[Result "1-0"]
[WhiteElo "2536"]
[BlackElo "2735"]
[TimeControl "180+2"]
[EndTime "15:23:02 PDT"]
[Termination "BASSU1 won by checkmate"]

1. e4 c5 2. Nf3 d6 3. d4 cxd4 4. Nxd4 Nf6 5. Nc3 a6 6. h3 e5 7. Nb3 Be6 8. f4 exf4 9. Bxf4 Nc6 10. Qe2 Nb4 11. O-O-O Rc8 12. a3 Bxb3 13. axb4 Be6 14. e5 Nd7 15. exd6 g5 16. Be5 Rg8 17. Nd5 Nxe5 18.
Qxe5 Bg7 19. Qg3 Kf8 20. c3 a5 21. b5 a4 22. Ne7 a3 23. Nxc8 axb2+ 24. Kxb2 Qa5 25.
d7 Qa2+ 26. Kc1 Qa1+ 27. Kd2 Qb2+ 28. Ke3 Qxc3+ 29. Bd3 Bd4+ 30. Ke2 Bxd7 31. Qd6+ Ke8 32. Qe7# 1-0

[Event "*** Titled Tuesday Blitz"]
[Site "Chess.com"]
[Date "2019.09.03"]
[Round "2"]
[White "Joshukid"]
[Black "goofypenguin96"]
[Result "1-0"]
[WhiteElo "2636"]
[BlackElo "2243"]
[TimeControl "180+2"]
[EndTime "15:23:04 PDT"]
[Termination "Joshukid won by resignation"]

1. Nf3 c6 2. b3 d5 3. Bb2 Nf6 4. c4 Bg4 5. e3 e6 6. Be2 Nbd7 7.
O-O Bd6 8. d4 Ne4 9. h3 Bh5 10. Nc3 f5 11. Nxe4 fxe4 12. Ne5 Bxe2 13. Qxe2 O-O 14. Qg4 Qe7 15. cxd5 cxd5 16. Rac1 Bxe5 17.
dxe5 Rac8 18. Ba3 Nc5 19. Bxc5 Rxc5 20. Rxc5 Qxc5 21. Qxe6+ Kh8 22. Qd7 Qc6 23. Qxc6 bxc6 24. Rc1 Rc8 25. b4 Kg8 26. f3 exf3 27. gxf3 Kf7 28. Rc5 Rb8 29. Rxc6 Rxb4 30. Rc7+ Ke6 31. f4 Ra4 32. Rxg7 Rxa2 33. Rxh7 Kf5 34. Rg7 Ke4 35.
e6 Kf3 36. e7 Ra1+ 37. Kh2 Ra2+ 38. Kh1 Ra1+ 39. Rg1 1-0

[Event "*** Titled Tuesday Blitz"]
[Site "Chess.com"]
[Date "2019.09.03"]
[Round "2"]
[White "Morscas"]
[Black "ElGasanov"]
[Result "1-0"]
[WhiteElo "2257"]
[BlackElo "2672"]
[TimeControl "180+2"]
[EndTime "15:23:06 PDT"]
[Termination "Morscas won by resignation"]

1. e4 c5 2. Nf3 Nf6 3. Nc3 Nc6 4. Bb5 Qc7 5. O-O Nd4 6. Re1 a6 7. Bf1 Ng4 8. g3 Nxf3+ 9. Qxf3 Ne5 10. Qe2 e6 11. d3 d6 12. Bg2 Be7 13. f4 Nc6 14. Qf2 O-O 15. Nd1 b5 16. Ne3 Bb7 17.
g4 b4 18. g5 f6 19. Bh3 Qd7 20. Nd5 Bd8 21. gxf6 Qf7 22. Qg2 Nd4 23. fxg7 Qxg7 24. Qxg7+ Kxg7 25. Ne3 Nf3+ 26. Kf2 Nxe1 27. Kxe1 Rxf4 28.
Bxe6 Bh4+ 29. Kd1 Raf8 30. Nf5+ R8xf5 31. Bxf5 Rf1+ 32. Ke2 Re1+ 33. Kf3 Kf6 34. Kg4 Bf2 35. Bg5+ Kf7 36. Rxe1 Bxe1 37. Bxh7 d5 38. e5 c4 39.
Bf5 Bc6 40. h4 a5 41. h5 a4 42. h6 b3 43. cxb3 a3 44. bxa3 c3 45. d4 Bd2 46.
h7 1-0

[Event "*** Titled Tuesday Blitz"]
[Site "Chess.com"]
[Date "2019.09.03"]
[Round "2"]
[White "M1711"]
[Black "Alexander_Moskalenko"]
[Result "0-1"]
[WhiteElo "2567"]
[BlackElo "2839"]
[TimeControl "180+2"]
[EndTime "15:23:10 PDT"]
[Termination "Alexander_Moskalenko won by resignation"]

1. d4 d6 2. e4 Nf6 3. Nc3 e5 4. Nf3 Nbd7 5. Bc4 Be7 6. O-O O-O 7. Re1 a6 8. a4 b6 9. Bg5 h6 10.
Bh4 Bb7 11. dxe5 Nxe5 12. Nxe5 dxe5 13. Qf3 Nd7 14. Bg3 Bb4 15. Red1 Qe7 16. Nd5 Bxd5 17. Bxd5 Rad8 18. Qh5 Bd6 19. Qe2 a5 20. c3 g6 21. Bc4 Kg7 22. Rd2 h5 23. h3 h4 24.
Bh2 Nf6 25. Rad1 Nh5 26. Qg4 Nf4 27. Qf3 Qf6 28. Qg4 Rfe8 29. Bb3 Re7 30. Bc4 Rh8 31. Qf3 Rh5 32. Kh1 Rg5 33. Bxf4 exf4 34. Rd5 Rge5 35.
Rxe5 Qxe5 36. Rd5 Qxe4 37. Qxe4 Rxe4 38. Bb3 Re1+ 39. Kh2 f3+ 40. g3 hxg3+ 41. fxg3 f2 42. Bc4 f1=Q 43. Bxf1 Rxf1 44. Kg2 Ra1 45. Rxd6 cxd6 0-1

[Event "*** Titled Tuesday Blitz"]
[Site "Chess.com"]
[Date "2019.09.03"]
[Round "2"]
[White "Mazanchenko_Dmitry"]
[Black "LADIESGET2KNOWME"]
[Result "0-1"]
[WhiteElo "2227"]
[BlackElo "2467"]
[TimeControl "180+2"]
[EndTime "15:23:11 PDT"]
[Termination "LADIESGET2KNOWME won by resignation"]

1. e4 e6 2. Qe2 d5 3. exd5 Qxd5 4. Nc3 Qa5 5. Nf3 Nc6 6. a3 Nf6 7. b4 Nxb4 8. Qb5+ Qxb5 9. Bxb5+ Nc6 10. Ne5 Bd7 11.
Nxd7 Kxd7 12. Bb2 a6 13. Ba4 b5 14. Bb3 Bd6 15. Ne2 Rab8 16. O-O Na5 17. Ba2 c5 18. d3 Nc6 19. Ng3 Rhg8 20. Ne4 Nxe4 21. dxe4 Kc7 22. f4 Rbd8 23. f5 Be5 24. Bxe5+ Nxe5 25. fxe6 fxe6 26. Bxe6 Rgf8 27. Bd5 Kb6 28. a4 Rxf1+ 29. Kxf1 b4 30. a5+ Kb5 31. Ke2 c4 32. Rd1 Kxa5 33. Ke3 Kb5 34. Kf4 Ng6+ 35. Kg5 Kc5 36. h4 Ne5 37. Kf4 Nc6 38. Ra1 Rf8+ 39. Kg5 Ra8 40.
h5 a5 41. h6 gxh6+ 42. Kxh6 a4 43. Kxh7 Ra7+ 44. Kh6 b3 45. cxb3 axb3 46. Rc1 Ne5 47. Kg5 b2 48. Rb1 c3 49. Bb3 Nc4 50. e5 Nd2 51. Bc2 Nxb1 52. Bxb1 Ra1 53. e6 Rxb1 54. e7 Re1 55. Kf6 Rxe7 0-1

[Event "*** Titled Tuesday Blitz"]
[Site "Chess.com"]
[Date "2019.09.03"]
[Round "2"]
[White "LastHeroJr"]
[Black "johnathan113"]
[Result "0-1"]
[WhiteElo "2528"]
[BlackElo "2766"]
[TimeControl "180+2"]
[EndTime "15:23:12 PDT"]
[Termination "johnathan113 won by resignation"]

1. e4 c6 2. d4 d5 3. e5 Bf5 4.
Nf3 e6 5. Be2 Nd7 6. O-O h5 7.
a4 Be7 8. a5 g5 9. Ne1 g4 10.
Bd3 Nh6 11. c3 h4 12. Bf4 Bg5 13. Qc1 Rg8 14. b4 f6 15. Bxg5 Rxg5 16. f4 gxf3 17. Rxf3 fxe5 18. Bxf5 Nxf5 19. dxe5 Nxe5 20. Rf2 Qf6 21.
Nd2 O-O-O 22. a6 b6 23. Ndf3 Rg4 24. Nxe5 Qxe5 25. Nf3 Qg7 26. Qe1 Re4 27. Qd2 Rg8 28.
Ra2 h3 29. Kh1 Qg4 30. Ng1 hxg2+ 31. Rxg2 Qxg2+ 32. Qxg2 Rxg2 33. Kxg2 Re3 34. Ne2 Nh4+ 35. Kf2 Rf3+ 36. Ke1 e5 37. Rd2 Kc7 38. b5 Rh3 39.
bxc6 Nf3+ 0-1

[Event "*** Titled Tuesday Blitz"]
[Site "Chess.com"]
[Date "2019.09.03"]
[Round "2"]
[White "Gordima"]
[Black "harvsp123"]
[Result "1-0"]
[WhiteElo "2804"]
[BlackElo "2551"]
[TimeControl "180+2"]
[EndTime "15:23:13 PDT"]
[Termination "Gordima won by resignation"]

1. Nf3 Nf6 2. c4 g6 3. Nc3 Bg7 4. e4 d6 5. d4 O-O 6. h3 e5 7. d5 Nh5 8. g3 Na6 9. Be3 Qe8 10. Be2 f5 11. exf5 gxf5 12. Qd2 f4 13. gxf4 Nxf4 14. Rg1 Bxh3 15. Ng5 Bf5 16. O-O-O Kh8 17.
Bxf4 exf4 18. Bd3 Nc5 19. Bxf5 Rxf5 20. Qc2 Qe5 21. Nf3 Qf6 22. Rg4 Rh5 23. Rdg1 Bh6 24.
Qe2 Qf7 25. Qd2 Re8 26. Qd4+ Rhe5 27. Nxe5 Rxe5 28. f3 a5 29. Nb5 Nd7 30. Rg8+ Qxg8 31.
Rxg8+ Kxg8 32. Nxc7 Bg7 33. Qa7 Re1+ 34. Kd2 Re3 35.
Qxb7 Ne5 36. Qc8+ Bf8 37. Qe6+ Kh8 38. Qf6+ Kg8 39. Ne6 Nxf3+ 40. Kc2 Re2+ 41. Kb3 Nd2+ 42. Ka4 Rxe6 43. dxe6 f3 44. Qf7+ 1-0

[Event "*** Titled Tuesday Blitz"]
[Site "Chess.com"]
[Date "2019.09.03"]
[Round "2"]
[White "oskariot"]
[Black "NormWeinstein"]
[Result "1-0"]
[WhiteElo "2752"]
[BlackElo "2375"]
[TimeControl "180+2"]
[EndTime "15:23:14 PDT"]
[Termination "oskariot won by resignation"]

1. e4 c5 2. Nf3 d6 3. h3 Nf6 4.
Nc3 Nc6 5. Bb5 Bd7 6. O-O e6 7. d4 cxd4 8. Nxd4 Qc7 9. Re1 Be7 10. Be3 O-O 11. Bf1 a6 12. f4 Rac8 13. Nxc6 Bxc6 14.
Bd3 b5 15. a3 Qb7 16. Bd4 a5 17. b4 Ra8 18. Qe2 d5 19. e5 Ne4 20. Nxb5 axb4 21. axb4 Bxb4 22. Reb1 Rxa1 23. Bxa1 Bxb5 24. Bxb5 Rb8 25.
Rxb4 Qa7+ 26. Bd4 Qa3 27. Rb3 Qc1+ 28. Qf1 Qxc2 29. Rb2 Qc7 30. Kh2 g6 31. Bd3 Rxb2 32. Bxb2 Qb6 33. Bxe4 dxe4 34. Qe2 Qb4 35. Bc1 Kg7 36.
Be3 Qb1 37. Bf2 h5 38. Bh4 Kh7 39. Qe3 Qc2 40. Qa7 1-0

[Event "*** Titled Tuesday Blitz"]
[Site "Chess.com"]
[Date "2019.09.03"]
[Round "2"]
[White "Sanan_Sjugirov"]
[Black "Vasily_Papin"]
[Result "1-0"]
[WhiteElo "2860"]
[BlackElo "2552"]
[TimeControl "180+2"]
[EndTime "15:23:15 PDT"]
[Termination "Sanan_Sjugirov won by resignation"]

1. e4 c5 2. Nf3 e6 3. d4 cxd4 4. Nxd4 a6 5. Bd3 Qb6 6. Nb3 Qc7 7. O-O d6 8. f4 Nd7 9. c4 Ngf6 10. Nc3 Be7 11.
Be3 b6 12. a4 Rb8 13. Kh1 Nc5 14. e5 Nfd7 15. Nxc5 bxc5 16. exd6 Bxd6 17. Ne4 Be7 18. f5 e5 19. Qg4 Kf8 20. Qe2 Nf6 21. Nc3 Bb7 22.
Bg5 e4 23. Bc2 Ba8 24. b3 h6 25. Bh4 Re8 26. Rae1 Bd6 27. Bxf6 gxf6 28. Bxe4 Bxh2 29. Qf3 Bxe4 30. Rxe4 Be5 31. Nd5 Qa5 32. Rfe1 Rb8 33. Qe3 Bd4 34. Qg3 Rd8 35. Re7 Qd2 36. Rxf7+ Kxf7 37. Re7+ 1-0

[Event "*** Titled Tuesday Blitz"]
[Site "Chess.com"]
[Date "2019.09.03"]
[Round "2"]
[White "DoHoChess"]
[Black "cherryandmint"]
[Result "0-1"]
[WhiteElo "2551"]
[BlackElo "2807"]
[TimeControl "180+2"]
[EndTime "15:23:15 PDT"]
[Termination "cherryandmint won by resignation"]

1. c4 e6 2. g3 d5 3. Bg2 Nf6 4. d4 Be7 5. Nf3 O-O 6. Qc2 c5 7. dxc5 Qa5+ 8. Nc3 dxc4 9. O-O Nc6 10. Bg5 Qxc5 11. Bxf6 gxf6 12. Rad1 b5 13. Ne4 Qb6 14. Nd6 Ba6 15. Qe4 Rad8 16. Qg4+ Kh8 17. Nxf7+ Rxf7 18.
Qxe6 Rdf8 19. Nh4 Ne5 20. Qxb6 axb6 21. Bd5 f5 22. Bxf7 Rxf7 23. Rd5 Bxh4 24. gxh4 Ng6 25. h5 Nf4 26. Rd8+ Kg7 27. e3 Nd3 28. Kh1 Bb7+ 29.
f3 Kf6 30. Rd6+ Kg5 31. Rxb6 Ne5 32. e4 Kf4 33. Kg1 Nxf3+ 34. Kf2 fxe4 35. Ke2 Rd7 36.
Rf6+ Ke5 37. Rb6 Rd2+ 38. Ke3 Rd3+ 39. Ke2 Bd5 40. Rxb5 Nd4+ 41. Ke1 Nxb5 42. Ke2 Nd4+ 43. Ke1 e3 0-1

[Event "*** Titled Tuesday Blitz"]
[Site "Chess.com"]
[Date "2019.09.03"]
[Round "2"]
[White "JakeCarlosBanawa"]
[Black "Kimster98"]
[Result "0-1"]
[WhiteElo "2304"]
[BlackElo "2624"]
[TimeControl "180+2"]
[EndTime "15:23:20 PDT"]
[Termination "Kimster98 won on time"]

1. d4 d5 2. c4 e6 3. Nc3 Bb4 4. Nf3 Nf6 5. Bg5 h6 6. Bh4 dxc4 7. e3 b5 8. a4 c6 9. Ne5 Bb7 10. Be2 Nbd7 11. f4 a6 12. Bf3 Qc7 13. O-O O-O 14. g4 c5 15. g5 hxg5 16. fxg5 Nd5 17. Nxd5 Bxd5 18. Bg3 Nxe5 19. Bxe5 Qe7 20. Bxd5 exd5 21.
Qg4 Qe6 22. Qg3 cxd4 23. exd4 Rfd8 24. Rf3 Bd6 25. Raf1 Bxe5 26. dxe5 Rd7 27. Qh4 Re8 28. Rh3 Kf8 29. Qh8+ Ke7 30. Qxg7 Kd8 31. Rh6 Qxe5 32. Qxe5 Rxe5 33. h4 d4 34. Rxa6 b4 35. Rc6 c3 36.
bxc3 bxc3 37. Rc4 d3 0-1

[Event "*** Titled Tuesday Blitz"]
[Site "Chess.com"]
[Date "2019.09.03"]
[Round "2"]
[White "Jahonas"]
[Black "MikeSailer"]
[Result "1-0"]
[WhiteElo "2415"]
[BlackElo "2111"]
[TimeControl "180+2"]
[EndTime "15:23:20 PDT"]
[Termination "Jahonas won by resignation"]

1. d4 d5 2. Bf4 Bf5 3. c3 e6 4. e3 Nf6 5. h3 Bd6 6. Bd3 Bxd3 7.
Qxd3 O-O 8. Ne2 Ne4 9. f3 Bxf4 10.
fxe4 Qh4+ 11. Kd2 Bh6 12. e5 c5 13. g3 Qe7 14. Na3 Nc6 15. Raf1 Rac8 16. Kd1 a6 17. h4 b5 18. g4 b4 19. Nc2 bxc3 20. Nxc3 cxd4 21.
exd4 Nb4 22. Nxb4 Qxb4 23. g5 Qxb2 24. Rh3 Qg2 25. Rhf3 Bxg5 26. hxg5 Qxg5 27. Qe3 Qh5 28. Kd2 Rb8 29. Rb1 Rxb1 30. Nxb1 Rb8 31. Kc2 Qg6+ 32. Qd3 Qg2+ 33. Kc1 Qg1+ 34. Rf1 Qg5+ 35. Nd2 Rc8+ 36. Kd1 Qg4+ 37. Qf3 Qh5 38. Qxh5 1-0

[Event "*** Titled Tuesday Blitz"]
[Site "Chess.com"]
[Date "2019.09.03"]
[Round "2"]
[White "ENEASZ"]
[Black "Padenie_Zvezd"]
[Result "0-1"]
[WhiteElo "2558"]
[BlackElo "2818"]
[TimeControl "180+2"]
[EndTime "15:23:22 PDT"]
[Termination "Padenie_Zvezd won on time"]

1. e4 c5 2. c3 Nf6 3. e5 Nd5 4. d4 cxd4 5. cxd4 e6 6. Nf3 b6 7.
Nc3 Nxc3 8. bxc3 Bb7 9. Bd3 d6 10. O-O Nd7 11. Ng5 Be7 12. Qh5 g6 13. Qh6 dxe5 14.
Nxe6 fxe6 15. Bxg6+ hxg6 16. Qxh8+ Bf8 17. dxe5 Qc7 18. Qg8 O-O-O 19. Qxe6 Qxe5 20. Qxg6 Bd6 21. Qg3 Rh8 22. Qxe5 Bxe5 23. h3 Bxc3 24. Rb1 Rg8 25. f3 Ne5 26. Kh1 Ba6 27. Rd1 Be2 28. Bb2 Bxd1 29. Bxc3 Nd3 30. Bd4 Ba4 31. Bxb6 axb6 32. Rxb6 Kc7 33. Rh6 Bc6 34. Kh2 Ne1 35. g4 Nxf3+ 36.
Kg3 Ne5 37. Rh7+ Kd6 38. Ra7 Rf8 39. Ra3 Nc4 40. Rc3 Bd5 41. a3 Nd2 42. Re3 Nf1+ 0-1

[Event "*** Titled Tuesday Blitz"]
[Site "Chess.com"]
[Date "2019.09.03"]
[Round "2"]
[White "German_Bazeev"]
[Black "Benjoneliere44"]
[Result "1-0"]
[WhiteElo "2719"]
[BlackElo "2511"]
[TimeControl "180+2"]
[EndTime "15:23:25 PDT"]
[Termination "German_Bazeev won by resignation"]

1. d4 d6 2. e4 g6 3. Nc3 Bg7 4. f4 Nf6 5. Nf3 O-O 6. e5 dxe5 7. dxe5 Qxd1+ 8. Nxd1 Nd5 9. c4 Nb4 10. Ne3 Bf5 11. Nxf5 gxf5 12. Kf2 Rd8 13. Bd2 Nd3+ 14. Bxd3 Rxd3 15. Bc3 Nc6 16. Rad1 Rad8 17. Rxd3 Rxd3 18. Ke2 Rd8 19. b4 a6 20. a4 e6 21. b5 Nb8 22.
Ba5 b6 23. Bb4 Bf8 24. Bxf8 Kxf8 25. h3 a5 26. g4 fxg4 27. hxg4 Nd7 28. Rxh7 Nc5 29.
f5 Kg8 30. Ng5 Ne4 31. Rxf7 Nxg5 32. Rxc7 Rd4 33. c5 bxc5 34. b6 Re4+ 35. Kf2 exf5 36. b7 Rb4 37. gxf5 Ne4+ 38. Ke3 1-0

[Event "*** Titled Tuesday Blitz"]
[Site "Chess.com"]
[Date "2019.09.03"]
[Round "2"]
[White "saraswathii"]
[Black "Mr_Penings"]
[Result "0-1"]
[WhiteElo "2299"]
[BlackElo "2513"]
[TimeControl "180+2"]
[EndTime "15:23:25 PDT"]
[Termination "Mr_Penings won by resignation"]

1. d4 Nf6 2. Bf4 d6 3. e3 Nbd7 4. Nf3 g6 5. c4 Bg7 6. Nc3 O-O 7. Be2 c6 8. h3 a6 9. O-O b5 10. a3 Bb7 11. Rc1 Qb6 12. Nd2 e5 13. dxe5 dxe5 14. Bg3 Rfe8 15. Nde4 Rad8 16. Nd6 Nc5 17. b4 Nce4 18. c5 Qa7 19. Nxe8 Rxd1 20. Nxf6+ Bxf6 21. Rfxd1 Nxc3 22. Rxc3 e4 23. Rc2 Bc8 24. Rd6 Kg7 25.
Rxc6 Be6 26. Rd2 a5 27. Rc7 Qa8 28. Bxb5 axb4 29. axb4 Qa1+ 30. Kh2 h5 31. h4 g5 32. hxg5 Bxg5 33. Rd4 h4 34. Be5+ Kg6 35. Rxe4 Qe1 36. Bd3 Bf5 37. Rc6+ Kh5 38. Rd4 Bxd3 39. Rxd3 Qxf2 40.
Rd5 h3 0-1

[Event "*** Titled Tuesday Blitz"]
[Site "Chess.com"]
[Date "2019.09.03"]
[Round "2"]
[White "daro94"]
[Black "vinniethepooh"]
[Result "1-0"]
[WhiteElo "2880"]
[BlackElo "2591"]
[TimeControl "180+2"]
[EndTime "15:23:27 PDT"]
[Termination "daro94 won on time"]

1. d4 d5 2. c4 c6 3. Nf3 Nf6 4. Nbd2 g6 5. e3 Bg7 6. Be2 O-O 7. O-O a6 8. b3 Bf5 9. Bb2 Nbd7 10. Rc1 b5 11.
cxd5 cxd5 12. Ne5 Nxe5 13. dxe5 Ne4 14. Nxe4 dxe4 15. Bd4 Qd7 16. Qc2 Rac8 17. Qb2 Qb7 18. h3 h5 19. Rfd1 Rxc1 20. Rxc1 Rc8 21. Rxc8+ Qxc8 22. a4 Qc6 23. axb5 axb5 24. Qa3 Qc7 25. Qa8+ Kh7 26.
Qd5 b4 27. Qxf7 Qc1+ 28. Kh2 Qc7 29. Bxh5 Kh8 30. Bxg6 Bxe5+ 31. Bxe5+ Qxe5+ 32. g3 Bxg6 33. Qxg6 Qb2 34. Qe8+ Kg7 35. Qxe7+ Kg8 36. Qg5+ Kh7 37. Qf5+ Kg8 38. Qe6+ Kg7 39. Kg2 Qc3 40. h4 1-0

[Event "*** Titled Tuesday Blitz"]
[Site "Chess.com"]
[Date "2019.09.03"]
[Round "2"]
[White "SantoBlue"]
[Black "Chigorinetz"]
[Result "0-1"]
[WhiteElo "2830"]
[BlackElo "2585"]
[TimeControl "180+2"]
[EndTime "15:23:32 PDT"]
[Termination "Chigorinetz won by resignation"]

1. e4 c5 2. Nc3 Nc6 3. Bb5 Nd4 4. Nf3 e6 5. O-O a6 6. Bd3 Ne7 7. Nxd4 cxd4 8. Ne2 Nc6 9. c3 Bc5 10. b4 Bb6 11.
Bb2 dxc3 12. Bxc3 O-O 13. Ng3 d5 14. exd5 Qxd5 15. Be4 Qg5 16. Kh1 e5 17. f4 exf4 18. Qh5 h6 19. Qxg5 hxg5 20. Nh5 Nd4 21. h3 Rb8 22.
Rae1 Be6 23. a4 Rfd8 24. a5 Bc7 25. Bb1 b6 26. Nxg7 Bc4 27. Rf2 bxa5 28. Re4 Rxb4 29. Bxb4 axb4 30. Ne8 Bb6 31. h4 Kf8 32. Nf6 Ne6 33.
Rf3 Bb5 34. Ba2 Nd4 35. Rh3 Bc6 36. Re1 g4 37. Nxg4 f3 38. Ne5 fxg2+ 39. Kh2 Bb7 40. Nxf7 Re8 41. Ne5 Rxe5 42. Rxe5 Bc7 43. Re3 Bxe5+ 0-1

[Event "*** Titled Tuesday Blitz"]
[Site "Chess.com"]
[Date "2019.09.03"]
[Round "2"]
[White "Denis_Palkovich"]
[Black "riconaipe"]
[Result "0-1"]
[WhiteElo "2221"]
[BlackElo "2577"]
[TimeControl "180+2"]
[EndTime "15:23:33 PDT"]
[Termination "riconaipe won on time"]

1. d4 d5 2. Bf4 e6 3. e3 Bd6 4. Bxd6 cxd6 5. Nf3 Nf6 6. c4 dxc4 7. Bxc4 O-O 8. O-O b6 9. Nc3 Bb7 10. Rc1 Nc6 11. a3 Rc8 12. Ba2 Ne7 13. Qd3 Ng6 14.
Ng5 Qe7 15. Nge4 e5 16. Nxf6+ Qxf6 17. Nd5 Bxd5 18. Bxd5 exd4 19. Qxd4 Qxd4 20. exd4 Nf4 21. Bf3 Nd3 22. Rb1 Nf4 23. Rfc1 Ne6 24. d5 Nd4 25. Kf1 f5 26. Rxc8 Rxc8 27. Rd1 Nxf3 28. gxf3 Rc2 29. Rb1 Kf7 30. f4 Rd2 31. Rc1 Rxd5 32. Rc7+ Kf6 33. Rxa7 b5 34. Rb7 h6 35. Ke2 g5 36. fxg5+ hxg5 37. b3 Rc5 38. a4 bxa4 39. bxa4 Rc2+ 40. Ke3 Ra2 41. Ra7 g4 42. a5 Ra3+ 43. Ke2 Ke5 44. a6 Kf4 45. Ra8 Ra2+ 46. Ke1 Kf3 47. a7 f4 48. Rd8 Rxa7 49. Rxd6 Ra1+ 50. Kd2 Kxf2 0-1

[Event "*** Titled Tuesday Blitz"]
[Site "Chess.com"]
[Date "2019.09.03"]
[Round "2"]
[White "Kumi29"]
[Black "Blackmind96"]
[Result "0-1"]
[WhiteElo "2474"]
[BlackElo "2716"]
[TimeControl "180+2"]
[EndTime "15:23:34 PDT"]
[Termination "Blackmind96 won by resignation"]

1. d4 Nf6 2. Bg5 g6 3. Bxf6 exf6 4. c4 Bg7 5. Nc3 f5 6. g3 c5 7. e3 Nc6 8. Nge2 O-O 9. Bg2 cxd4 10. exd4 Qb6 11. c5 Qxb2 12. Rb1 Qa3 13. Rb3 Qa5 14. O-O d6 15. cxd6 Qd8 16. Nb5 Rb8 17. d5 Na5 18. Rb1 a6 19. Nbd4 Qxd6 20. Qa4 b6 21. Nc6 Bd7 22. Qf4 Qxf4 23. Nxf4 Bxc6 24. dxc6 Nc4 25.
Rbc1 b5 26. Rfd1 Bh6 27. a4 Bxf4 28. gxf4 Rfc8 29. axb5 axb5 30. Rd7 Nb6 31. Ra7 Nc4 32. Rd7 Rb6 33. Bd5 Rbxc6 34. Rxf7 Rc5 35. Rxf5+ Kh8 36. Rg5 Nb6 37. Rxc5 Rxc5 38. Be4 Rxg5+ 39. fxg5 b4 40. Bc2 Nc4 41. Kf1 b3 42. Bd3 b2 43. Ke2 Na3 44.
Kd2 b1=Q 45. Bxb1 Nxb1+ 46. Kd3 Kg7 47. f4 Kf7 48. Ke4 Ke6 49. h4 Nd2+ 50. Ke3 Nc4+ 51. Kd4 Nd6 52. Ke3 Nf5+ 53. Kf3 Nxh4+ 54. Kg4 Nf5 55.
Kf3 Kd5 56. Kg4 Ke4 0-1

[Event "*** Titled Tuesday Blitz"]
[Site "Chess.com"]
[Date "2019.09.03"]
[Round "2"]
[White "WPWPWP-2015"]
[Black "SelfishShellfish"]
[Result "1-0"]
[WhiteElo "2424"]
[BlackElo "2172"]
[TimeControl "180+2"]
[EndTime "15:23:35 PDT"]
[Termination "WPWPWP-2015 won by resignation"]

1. e4 c6 2. d4 d5 3. e5 Bf5 4. Be3 e6 5. Nd2 Bg6 6. f4 Nh6 7. Ngf3 Be7 8. Be2 Nd7 9. Nb3 Rc8 10. c4 dxc4 11. Bxc4 Nb6 12. Rc1 Nf5 13. Qd2 Nxc4 14. Rxc4 Qd5 15. Rc1 Qe4 16. Kf2 Nxe3 17. Qxe3 Qxe3+ 18.
Kxe3 h5 19. Nc5 b6 20. Ne4 Kd7 21. Rhd1 Kc7 22. Neg5 Rhd8 23. Nh4 Bh7 24. Rc3 Bg8 25. Rdc1 Kb7 26. Nhf3 f6 27. Ne4 Bf7 28. a3 a5 29.
Nfd2 Rd5 30. Nc4 fxe5 31. fxe5 Ka6 32. Ncd6 Rf8 33. Rxc6 Bg6 34. Nc8 Bd8 35. Nc5+ Rxc5 36. R1xc5 Kb7 37. Nd6+ Ka6 38. Rc3 Bg5+ 39. Ke2 h4 40.
Rb3 Bh5+ 41. Ke1 Bd8 42. Nc4 a4 43. Rb4 Kb7 44. Rxe6 Bf7 45. Nd6+ Kc6 46. Nxf7+ Kd5 47. Nxd8 Rxd8 48. Rd6+ 1-0

[Event "*** Titled Tuesday Blitz"]
[Site "Chess.com"]
[Date "2019.09.03"]
[Round "2"]
[White "GMJimKnopf"]
[Black "SirMittensofMittensville"]
[Result "0-1"]
[WhiteElo "2724"]
[BlackElo "2535"]
[TimeControl "180+2"]
[EndTime "15:23:38 PDT"]
[Termination "SirMittensofMittensville won on time"]

1. e4 e5 2. Nf3 Nc6 3. Bc4 Bc5 4. c3 Nf6 5. d3 O-O 6. Bb3 d5 7. Qe2 h6 8. h3 Re8 9. Nbd2 a5 10. Bc2 b5 11. O-O Ba6 12. Re1 b4 13. exd5 Nxd5 14. Ba4 Nf4 15. Qe4 Nxd3 16. Qxc6 Bxf2+ 17. Kh2 Re6 18. Qd7 Nxe1 19. Nxe1 Bxe1 20. Nf3 Bf2 21. cxb4 axb4 22.
Qd2 Qxd2 23. Bxd2 Bc5 24. Bb3 Re7 25. Rc1 Bd6 26. Kg1 Bb7 27. Nh4 Be4 28. Rc4 Bd5 29. Rg4 Bxb3 30. axb3 Ra1+ 31. Kf2 Re6 32. Ke2 Kh7 33. Kd3 c5 34. Nf5 Bf8 35. Ne3 g6 36.
Nd5 f5 37. Rg3 Rd6 38. Kc4 Rd1 39. Rd3 e4 40. Nf6+ Rxf6 41. Rd7+ Kg8 0-1

[Event "*** Titled Tuesday Blitz"]
[Site "Chess.com"]
[Date "2019.09.03"]
[Round "2"]
[White "ferdipy"]
[Black "juniortay"]
[Result "0-1"]
[WhiteElo "2156"]
[BlackElo "2429"]
[TimeControl "180+2"]
[EndTime "15:23:38 PDT"]
[Termination "juniortay won by resignation"]

1. d4 Nf6 2. c4 g6 3. Nc3 Bg7 4. e4 d6 5. Be2 O-O 6. Be3 c5 7. dxc5 Qa5 8. f3 dxc5 9. Qd2 Nc6 10. g4 Rd8 11. Nd5 Qxd2+ 12. Bxd2 e6 13. Nxf6+ Bxf6 14. O-O-O b6 15. f4 Bb7 16. Bf3 Nd4 17. Bg2 e5 18.
Nh3 exf4 19. Nxf4 Be5 20. Nd5 Kg7 21. h4 h6 22. Rhf1 Rac8 23. Bxh6+ Kxh6 24. Rxf7 Bxd5 25. exd5 Bg7 26. Rdf1 Rf8 27. Be4 Rxf7 28. Rxf7 Rf8 29. Rxa7 Rf1+ 30. Kd2 Rf2+ 31. Kd3 Be5 32. Re7 Bf4 33. Kc3 Bd2+ 34. Kd3 Bb4 35. d6 Rd2+ 36. Ke3 Re2+ 37. Kd3 Rd2+ 38. Ke3 Re2+ 39. Kf4 Bd2+ 40. Ke5 Nc6+ 41. Ke6 Nxe7 42. Kxe7 Rxe4+ 0-1

[Event "*** Titled Tuesday Blitz"]
[Site "Chess.com"]
[Date "2019.09.03"]
[Round "2"]
[White "Opening_Prep"]
[Black "Last7Samurai"]
[Result "0-1"]
[WhiteElo "2432"]
[BlackElo "2777"]
[TimeControl "180+2"]
[EndTime "15:23:42 PDT"]
[Termination "Last7Samurai won by resignation"]

1. d4 d5 2. Bf4 c5 3. e3 Nc6 4. Nc3 a6 5. dxc5 e5 6. Bg3 Be6 7. Na4 Bxc5 8. Nxc5 Qa5+ 9. c3 Qxc5 10. Nf3 f6 11. Be2 Nge7 12. h3 O-O 13. O-O Nf5 14. Bh2 Rad8 15. Rc1 Qe7 16. Qa4 Nd6 17. Rfd1 Ne4 18. a3 Kh8 19. b4 Rc8 20. Nd2 Nd6 21. Qc2 Bf5 22. Qa2 Be6 23. Qb1 Rfd8 24. e4 d4 25. c4 b5 26. c5 Ne8 27. Nf3 Nc7 28. Ne1 a5 29. Nd3 Bc4 30. Bg4 Rb8 31.
f4 Ra8 32. fxe5 fxe5 33. Bg3 axb4 34. Nxb4 Nxb4 35. axb4 Be6 36. Bxe5 Ba2 37. Bd6 Qg5 38. Qb2 Ne6 39. e5 Nf4 40. Qxd4 Bd5 41. g3 Nxh3+ 42. Bxh3 Qxg3+ 43. Kf1 Qxh3+ 44. Ke1 Qh1+ 45. Kd2 Qg2+ 46. Ke1 Ra2 47. Rd2 Qh1+ 48. Ke2 Qxc1 49. Rxa2 Bxa2 50.
e6 Bc4+ 0-1

[Event "*** Titled Tuesday Blitz"]
[Site "Chess.com"]
[Date "2019.09.03"]
[Round "2"]
[White "amintabatabaei"]
[Black "Sosat98"]
[Result "1-0"]
[WhiteElo "2898"]
[BlackElo "2604"]
[TimeControl "180+2"]
[EndTime "15:23:43 PDT"]
[Termination "amintabatabaei won by resignation"]

1. Nf3 d5 2. g3 Nf6 3. Bg2 Nc6 4. d4 Bf5 5. c4 e6 6. O-O Be7 7. Nc3 O-O 8. Ne5 Nb4 9. Bf4 c5 10. dxc5 d4 11. Nb5 Bxc5 12. Bxb7 Rb8 13. Nc6 Nxc6 14. Bxc6 Qb6 15. Bg2 Rbc8 16. a3 a6 17. b4 axb5 18. bxc5 Qxc5 19. cxb5 e5 20. Bg5 Nd5 21. a4 Nc3 22. Qe1 Qc4 23. b6 e4 24. a5 f6 25. Bd2 Nxe2+ 26. Kh1 Bg4 27. Bxe4 Rfe8 28. f3 Rxe4 29. fxe4 Qd3 30. Qf2 Qxd2 31. b7 Re8 32. a6 Qb4 33. Rfb1 Qc3 34. Rf1 Qc6 35. Qg2 d3 36. e5 Qd7 37. a7 d2 38. a8=Q Nc3 39. b8=Q Bh5 40. e6 Qe7 41. Qxe8+ Bxe8 42. Qxe8+ Qxe8 43. Ra8 1-0

[Event "*** Titled Tuesday Blitz"]
[Site "Chess.com"]
[Date "2019.09.03"]
[Round "2"]
[White "pedromartinez91"]
[Black "Fighterman91"]
[Result "0-1"]
[WhiteElo "2517"]
[BlackElo "2737"]
[TimeControl "180+2"]
[EndTime "15:23:45 PDT"]
[Termination "Fighterman91 won by checkmate"]

1. e4 e5 2. Nf3 Nc6 3. Bb5 a6 4. Ba4 Nf6 5. Bxc6 dxc6 6. d3 Nd7 7. Nbd2 f6 8. Nh4 Qe7 9. O-O Nc5 10. Nc4 Ne6 11. Nf5 Qf7 12. Bd2 c5 13. a4 b6 14. f4 exf4 15. Bxf4 Nxf4 16. Rxf4 Be6 17. Nce3 g6 18. Ng3 Bd6 19. Rf3 Be5 20. Rb1 O-O-O 21. b3 h5 22. Ne2 Bg4 23. Rf1 Be6 24. Qe1 h4 25. Nf4 a5 26. Nxe6 Qxe6 27. Nc4 Bd4+ 28. Kh1 Rde8 29. Qd1 h3 30. g4 Qc6 31. Qf3 Re6 32.
Rbe1 Bc3 33. Re2 Qd7 34. e5 Kb8 35. exf6 Rxf6 36. Nxb6 Rxb6 37. g5 Qc6 38. Re4 Rb4 39. Rfe1 Rxe4 40. Rxe4 Kb7 41. d4 cxd4 42. b4 axb4 43. a5 Re8 44. a6+ Ka7 45. Rxe8 Qxf3+ 46. Kg1 Qg2# 0-1